 Dungeon Crawl Stone Soup version 0.29.1-2-gbd0b4ee654 (webtiles) character file.

Game seed: 11400937574363000999

1062 onesockninja the Sneak (level 8, -3/48 HPs)
             Began as a Kobold Brigand on Oct 25, 2022.
             Was a Priest of Dithmenos.
             Succumbed to a killer bee's poison
             ... on level 7 of the Dungeon.
             The game lasted 00:39:44 (3955 turns).

onesockninja the Sneak (Kobold Brigand)             Turns: 3955, Time: 00:39:45

Health: -3/48      AC: 13    Str: 17    XL:     8   Next: 52%
Magic:  8/8        EV: 10    Int: 12    God:    Dithmenos [***...]
Gold:   223        SH:  0    Dex: 16    Spells: 0/7 levels left

rFire   . . .      SeeInvis .   i - +2 falchion (holy)
rCold   + . .      Faith    .   (no shield)
rNeg    . . .      Spirit   .   p - +2 chain mail {rC+}
rPois   .          Reflect  .   (no helmet)
rElec   .          Harm     .   c - +0 cloak
rCorr   .          Rampage  .   f - +0 pair of gloves
Will    .....                   (no boots)
Stlth   ++........              (no amulet)
HPRegen 0.16/turn               b - +6 ring of strength
MPRegen 0.11/turn               o - +4 ring of protection

@: lethally poisoned (-3 -> -23), wreathed by umbra
A: small, no large weapons, nightstalker 3, deformed body
a: Renounce Religion, Shadow Step


You were on level 7 of the Dungeon.
You worshipped Dithmenos.
Dithmenos was most pleased with you.
You visited 1 branch of the dungeon, and saw 7 of its levels.
You also visited: Sewer.

You collected 223 gold pieces.

Inventory:

Hand Weapons
 a - a +2 dagger
 i - a +2 falchion of holy wrath (weapon)
 A - the +10 flail "Globulus" {freeze, Str+6}
   (You found it on level 6 of the Dungeon)

   It freezes those it strikes, dealing additional cold damage.
   It can also slow down cold-blooded creatures.
   Str:       It affects your strength (+6).
Missiles
 d - 9 poisoned darts (quivered)
 e - 3 curare-tipped darts
Armour
 c - a +0 cloak (worn)
 f - a +0 pair of gloves (worn)
 p - a +2 chain mail of cold resistance (worn)
Magical Staves
 g - a staff of cold
 j - a staff of death
 u - a staff of conjuration
Jewellery
 b - a +6 ring of strength (left hand)
 h - a ring of flight
 o - a +4 ring of protection (right hand)
 v - a ring of resist corrosion
Wands
 w - a wand of flame (20)
Scrolls
 k - a scroll of blinking
 l - a scroll of poison
 r - a scroll of fog
 s - 2 scrolls of identify
 t - a scroll of magic mapping
 y - a scroll of fear
Potions
 n - 2 potions of magic
 q - 2 potions of brilliance
 x - a potion of attraction


   Skills:
 + Level 4.6 Fighting
 + Level 2.9(5.7) Short Blades
 + Level 4.8(5.0) Long Blades
 + Level 2.4 Throwing
 + Level 2.8 Armour
 + Level 3.1 Dodging
 + Level 7.7 Stealth


You couldn't memorise any spells.
You knew the following spells:

 Your Spells              Type           Power      Damage    Failure   Level
a - Necrotise             Necr           0%         1d4       99%         1
b - Dazzling Flash        Conj/Hex       0%         N/A       100%        3
c - Vampiric Draining     Necr           0%         2d6       100%        3

Your spell library contained the following spells:

 Spells                   Type           Power      Damage    Failure   Level
 Conjure Flame            Conj/Fire      0%         6-21      100%        3
 Ignite Poison            Fire/Tmut/Pois 0%         N/A       100%        3
 Iskenderun's Mystic Bla  Conj/Tloc      0%         2d3       100%        4
 Sticky Flame             Conj/Fire      0%         2d3       100%        4
 Agony                    Necr           0%         N/A       100%        5
 Starburst                Conj/Fire      0%         6d3       100%        6


Dungeon Overview and Level Annotations

Branches:
Dungeon (7/15)             Temple (0/1) D:5           Sewer (visited)

Altars:
Ashenzari
Dithmenos
Xom
Zin

Shops:
D:2 (:   D:4 *


Innate Abilities, Weirdness & Mutations

You are small and have problems with some larger weapons.
You are completely attuned to the shadows.
Armour fits poorly on your strangely shaped body.


Message History

You see here 9 gold pieces.
You hit the orc warrior. Your punch misses the orc warrior.
The orc warrior is lightly wounded.
Your surroundings suddenly seem different.
A killer bee comes into view.
The killer bee buzzes angrily.
You slash the killer bee!
The killer bee is heavily wounded.
You hear an angry buzzing noise.
The killer bee stings you.
You are poisoned.
The killer bee poisons you! The killer bee barely misses you.
The killer bee stings you.
You are lethally poisoned!
The killer bee poisons you!
You closely miss the killer bee.
The killer bee is heavily wounded.
* * * LOW HITPOINT WARNING * * *
You feel very sick.
A killer bee comes into view.
The killer bee barely misses you. The killer bee misses you.
Aiming: Throw Flame
Press: ? - help, Q - select action, (/) - cycle Shift-Dir - straight line, f - killer bee
Aim: a killer bee (heavily wounded, umbra, 39% to hit)
The puff of flame hits the killer bee!
You kill the killer bee!
Dithmenos accepts your kill.
* * * LOW HITPOINT WARNING * * *
You feel very sick.
Aiming: Throw Flame
Press: ? - help, Q - select action, (/) - cycle Shift-Dir - straight line, f - killer bee
Aim: a killer bee (umbra, 39% to hit)
The puff of flame misses the killer bee.
* * * LOW HITPOINT WARNING * * *
You feel sick. The killer bee closely misses you. The killer bee stings you.
* * * LOW HITPOINT WARNING * * *
You are more poisoned.
The killer bee poisons you!
You closely miss the killer bee.
You die...

..###..#
#..#...
#....#
#...##
##.@y.#
#..##..#
#..###..#
#..##
##.. #..
.. ...


You could see a killer bee.

Vanquished Creatures
  Prince Ribbit (D:5)
  A black bear (D:4)
  An ice beast (D:3)
  3 bullfrogs
  A scorpion (D:4)
  A necrophage (D:5)
  A killer bee (D:7)
  3 hounds
  A jelly (D:6)
  2 orc wizards (D:5)
  6 adders
  A worm (D:2)
  5 dart slugs
  3 orcs
  18 ball pythons
  6 bats
  3 endoplasms
  14 giant cockroaches
  2 goblins (D:1)
  4 hobgoblins
  3 jackals (D:2)
  5 kobolds
  10 quokkas
  9 frilled lizards
  5 rats
109 creatures vanquished.

Notes
Turn   | Place    | Note
-------+----------+-------------------------------------------
     0 | D:1      | onesockninja the Kobold Brigand began the quest for the
                  | Orb.
     0 | D:1      | Reached XP level 1. HP: 12/12 MP: 1/1
   226 | D:1      | Reached XP level 2. HP: 17/17 MP: 2/2
   250 | D:1      | Reached skill level 6 in Stealth
   742 | D:1      | Reached XP level 3. HP: 10/21 MP: 3/3
  1400 | D:2      | Found Akix's Vocational Training.
  1418 | D:2      | Learned a level 1 spell: Necrotise
  1442 | D:2      | Found Komozuna's Antique Weapon Shop.
  1539 | D:2      | Found a shimmering altar of Xom.
  1770 | D:2      | Reached XP level 4. HP: 25/27 MP: 4/4
  1828 | D:2      | Found a faded altar of an unknown god.
  1838 | D:2      | Prayed at the altar of an unknown god.
  1838 | D:2      | Became a worshipper of Dithmenos the Shadowed
  1838 | D:2      | Reached * piety under Dithmenos
  1936 | D:3      | Noticed an ice beast
  1955 | D:3      | Killed an ice beast
  1956 | D:3      | Reached XP level 5. HP: 20/32 MP: 5/5
  2241 | D:4      | Found a broken altar of Ashenzari.
  2282 | D:4      | Noticed a black bear
  2293 | D:4      | Killed a black bear
  2294 | D:4      | Reached skill level 7 in Stealth
  2294 | D:4      | Reached XP level 6. HP: 25/37 MP: 6/6
  2451 | D:4      | Reached skill level 1 in Armour
  2457 | D:4      | Found Zin's Purification Station.
  2459 | D:4      | Found a glowing silver altar of Zin.
  2534 | D:5      | Entered Level 5 of the Dungeon
  2555 | D:5      | Found a staircase to the Ecumenical Temple.
  2601 | D:5      | Reached XP level 7. HP: 41/41 MP: 7/7
  2901 | D:5      | Noticed Prince Ribbit
  2918 | D:5      | Killed Prince Ribbit
  3009 | D:5      | Reached XP level 8. HP: 40/47 MP: 8/8
  3070 | D:5      | Gained mutation: Armour fits poorly on your strangely
                  | shaped body. [potion of mutation]
  3140 | D:6      | Found a glowing drain.
  3151 | D:6      | Reached ** piety under Dithmenos
  3165 | Sewer    | Entered a sewer
  3556 | Sewer    | Reached *** piety under Dithmenos
  3672 | D:6      | Learned a level 3 spell: Dazzling Flash
  3676 | D:6      | Learned a level 3 spell: Vampiric Draining
  3887 | D:6      | Identified the +10 flail "Globulus" {freeze, Str+6}
  3954 | D:7      | HP: 2/48 [killer bee (4)]
  3955 | D:7      | Succumbed to a killer bee's poison

Illustrated notes

Levels and vault maps discovered:
D:1:      minmay_arrival_widening_spiral_wide, layout_loops_ring,
          minmay_pentomino_s4
D:2:      kb_forest_paths, layout_basic, basic_altar,
          ebering_ecumenical_altar_petrified, serial_shops, shop,
          nicolae_shop_vocational
D:3:      layout_basic, chequers_temple_overflow_statue_of_worship,
          dk_yredelemnul_ordeal, uniq_robin, uniq_natasha
D:4:      layout_basic, zin_purify, mainiacjoe_overflow_chevrons,
          lemuel_crystal_altar
D:5:      layout_basic, minmay_temple_entry_drinking_statues,
          uniq_prince_ribbit1
D:6:      layout_rooms, gup_sewer_entry_glass
D:7:      minmay_the_grid_octo_tiled_squarecenter [minmay_the_grid_octo_clover,
          minmay_the_grid_octo_horde, minmay_the_grid_octo_77,
          minmay_the_grid_octo_thin_diamonds,
          minmay_the_grid_square_5x5_megaprize_checkered,
          minmay_the_grid_square_5x5_empty, minmay_the_grid_square_5x5_dogpile,
          minmay_the_grid_square_5x5_spiral_small,
          minmay_the_grid_square_5x5_intrusive_squares], layout_cave_pods,
          serial_bayou_pond_a

Skill      XL: |  1  2  3  4  5  6  7  8 |
---------------+-------------------------+-----
Stealth        | 6 7 |  7.7
Long Blades    | 2 3 4 |  4.8
Fighting       | 3 4 |  4.6
Dodging        | 2 3 |  3.1
Armour         | 1 2 |  2.8
Short Blades   | |  2.9
Throwing       | |  2.4

Action                   |  1- 3 |  4- 6 |  7- 9 || total
-------------------------+-------+-------+-------++-------
Melee: Dagger            |     4 |       |       ||     4
       Falchion          |    58 |    74 |   251 ||   383
       Punch             |       |     4 |     1 ||     5
Evoke: Wand              |       |       |     2 ||     2
  Use: Scroll            |     8 |     2 |     1 ||    11
       Potion            |       |     4 |     7 ||    11
 Stab: Sleeping          |    10 |     3 |     3 ||    16
Armor: Robe              |     5 |       |       ||     5
       Chain mail        |    14 |    61 |   264 ||   339
Dodge: Dodged            |    38 |    40 |   272 ||   350
